 Dungeon Crawl Stone Soup version 0.25-a0-156-g0c4bda3fdf (webtiles) character file.

Game seed: 14467953655722461088, levelgen mode: deterministic

692 Leeroy the Skirmisher (level 7, -1/63 HPs)
             Began as a Green Draconian Skald on Nov 20, 2019.
             Was an Initiate of Okawaru.
             Slain by an orc priest
             ... wielding a +0 short sword
              (5 damage)
             ... on level 5 of the Dungeon.
             The game lasted 00:12:34 (4279 turns).

Leeroy the Skirmisher (Green Draconian Skald)       Turns: 4279, Time: 00:12:35

Health: -1/63      AC:  6    Str: 13    XL:     7   Next: 36%
Magic:  10/10      EV: 12    Int: 13    God:    Okawaru [......]
Gold:   171        SH:  0    Dex: 13    Spells: 3/10 levels left

rFire    . . .     SeeInvis .   w - +0 long sword
rCold    . . .     Gourm    .   (no shield)
rNeg     . . .     Faith    .   (armour unavailable)
rPois    +         Spirit   .   (helmet restricted)
rElec    .         Reflect  .   (no cloak)
rCorr    .         Harm     .   (no gloves)
MR       .....                  (no boots)
Stlth    +.........             (no amulet)
HPRegen  0.20/turn              (no ring)
MPRegen  0.12/turn              (no ring)

@: short of breath
A: breathe noxious fumes, unfitting armour, poison resistance, cold-blooded, AC
+6
a: Breathe Noxious Fumes, Renounce Religion


You were on level 5 of the Dungeon.
You worshipped Okawaru.
Okawaru was noncommittal.
You were not hungry.

You visited 2 branches of the dungeon, and saw 6 of its levels.
You also visited: Sewer.

You collected 171 gold pieces.

Inventory:

Hand Weapons
 a - a +0 falchion
 e - a +2 dagger of draining
 t - a +0 arbalest
 w - a +0 long sword (weapon)
 y - a +0 hand crossbow
 B - a +2 dagger of holy wrath
Missiles
 h - 206 stones (quivered)
 l - a throwing net
 r - 14 poisoned darts
 s - 41 bolts
Magical Staves
 C - an uncursed staff of fire {unknown}
Jewellery
 f - a cursed -2 ring of slaying {unknown}
 i - a cursed ring of attention {unknown}
Wands
 z - a wand of flame (18)
Scrolls
 b - 3 scrolls of teleportation {unknown}
 d - 6 scrolls of identify {unknown}
 k - 2 scrolls of fog {unknown}
 n - 2 scrolls of enchant weapon {unknown}
 o - a scroll of immolation {unknown}
 u - a scroll of enchant armour {unknown}
 x - a scroll of remove curse {unknown}
Potions
 g - a potion of agility {unknown}
 j - 3 potions of brilliance {unknown}
 m - a potion of might {unknown}
 p - 2 potions of curing {unknown}
 q - 2 potions of flight {unknown}
 v - 2 potions of haste {unknown}
 A - 2 potions of lignification {unknown}
Comestibles
 c - 8 rations


   Skills:
 + Level 6.2 Fighting
 - Level 6.1 Long Blades
 - Level 2.1 Dodging
 - Level 2.0 Spellcasting
 + Level 1.3 Hexes
 - Level 2.6 Charms


You had 3 spell levels left.
You knew the following spells:

 Your Spells              Type           Power        Failure   Level  Hunger
a - Infusion              Chrm           #...         9%          1    ##.....
b - Spectral Weapon       Hex/Chrm       #.......     32%         3    ####...
c - Regeneration          Chrm/Necr      #.........   41%         3    ####...

Your spell library contained the following spells:

 Spells                   Type           Power        Failure   Level  Hunger
 Song of Slaying          Chrm           #.......     13%         2    ###....
 Shroud of Golubria       Chrm/Tloc      #.....       22%         2    ###....


Dungeon Overview and Level Annotations

Branches:
Dungeon (5/15)             Temple (1/1) D:4           Sewer (visited)

Altars:
Ashenzari
Cheibriados
Elyvilon
Fedhas
Gozag
Hepliaklqana
Kikubaaqudgha
Nemelex Xobeh
Okawaru
Qazlal
Ru
Sif Muna
Trog
Uskayaw
Wu Jian
Xom
Zin
The Shining One

Annotations:
D:4 2 transporters, MisterFreud's ghost, amateur FeTm


Innate Abilities, Weirdness & Mutations

You can breathe blasts of noxious fumes.
Your lurid green scales are hard. (AC +6)
You cannot fit into any form of body armour.
Your system is resistant to poisons. (rPois)
You are cold-blooded and may be slowed by cold attacks.


Message History

* * * LOW HITPOINT WARNING * * *
Deactivating autopickup; reactivate with Ctrl-A.
You hit something. Something hits you.
* * * LOW HITPOINT WARNING * * *
You miss something.
Your tail-slap misses something.
Something hits you but does no damage.
The orc priest barely misses something.
The orc priest hits itself but does no damage.
You hit something but do no damage.
The orc priest seems less confused.
Something hits you but does no damage. Something barely misses you.
You barely miss something. Something hits you.
* * * LOW HITPOINT WARNING * * *
You can't do that yet.
You hit the orc priest.
Your tail-slap misses the orc priest.
The orc priest is severely wounded.
The orc priest looks satisfied for a moment.
Something hits you but does no damage.
You barely miss the orc priest.
Your tail-slap misses the orc priest.
The orc priest is severely wounded.
The orc priest hits you with a +0 short sword.
You die...

#........# #[#
#........# #.#
#.......# #.# ###
#...)...####.####..
#..........#....#.###
#.......##.####.#...
#.......##...#..#.#
##....{o.####.#.#..#
......)@)# #.#<#..#
........## #.#....#
?$......# #.#..#.#
........# #.##.#.#
........#
#.##.#.###.#
........#
#.##.......#
........#
#.####.#####
..####### #....#...#
####.###.#


You could see an orc priest.

Vanquished Creatures
  An ice beast (D:5)
  A phantom (D:4)
  A big kobold (Sewer)
  A scorpion (D:4)
  An orc wizard (D:5)
  A hound (D:5)
  2 orc priests
  A bullfrog skeleton (D:5)
  A centaur skeleton (D:4)
  An iguana (D:4)
  A worker ant (D:5)
  A hound skeleton (D:4)
  A howler monkey skeleton (D:4)
  5 adders
  A river rat (Sewer)
  An adder skeleton (D:4)
  3 dart slugs
  5 leopard geckos
  3 orcs
  8 bats
  5 giant cockroaches
  4 goblins
  7 hobgoblins
  6 jackals
  8 kobolds
  2 quokkas
  7 frilled lizards
  6 rats
85 creatures vanquished.

Notes
Turn   | Place    | Note
-------+----------+-------------------------------------------
     0 | D:1      | Leeroy the Draconian Skald began the quest for the Orb.
     0 | D:1      | Reached XP level 1. HP: 17/17 MP: 3/3
     3 | D:1      | Noticed an electric eel
   172 | D:1      | Reached XP level 2. HP: 19/24 MP: 5/5
   629 | D:2      | Reached XP level 3. HP: 20/29 MP: 6/6
  1324 | D:3      | Reached XP level 4. HP: 36/36 MP: 7/7
  1366 | D:3      | Found a glowing drain.
  1397 | Sewer    | Entered a sewer
  1466 | Sewer    | Noticed a big kobold
  1502 | Sewer    | Killed a big kobold
  1502 | Sewer    | Reached skill level 5 in Long Blades
  1502 | Sewer    | Reached XP level 5. HP: 19/41 MP: 8/8
  1533 | Sewer    | Found a white marble altar of Elyvilon.
  1751 | D:3      | Found a sparkling altar of Nemelex Xobeh.
  2519 | D:4      | Found a transporter.
  2519 | D:4      | Found a transporter.
  2519 | D:4      | Noticed MisterFreud's ghost (amateur FeTm)
  2769 | D:4      | Noticed a phantom
  2869 | D:3      | Learned a level 3 spell: Spectral Weapon
  2873 | D:3      | Learned a level 3 spell: Regeneration
  3228 | D:4      | Killed a phantom
  3228 | D:4      | Reached XP level 6. HP: 11/52 MP: 2/9
  3318 | D:5      | Entered Level 5 of the Dungeon
  3386 | D:5      | Noticed a sky beast
  3727 | D:4      | Found a shimmering altar of Xom.
  3727 | D:4      | Found a hide-covered altar of Uskayaw.
  3749 | D:4      | Found a staircase to the Ecumenical Temple.
  3772 | D:4      | Reached skill level 5 in Fighting
  3965 | Temple   | Entered the Ecumenical Temple
  3987 | Temple   | Became a worshipper of Warmaster Okawaru
  4178 | D:5      | Noticed an ice beast
  4204 | D:5      | Killed an ice beast
  4204 | D:5      | Reached skill level 1 in Hexes
  4204 | D:5      | Your scales start taking on a lurid green colour.
  4204 | D:5      | Reached XP level 7. HP: 51/61 MP: 1/10
  4204 | D:5      | Gained mutation: Your system is resistant to poisons.
                  | (rPois) [Green Draconian growth]
  4279 | D:5      | Slain by an orc priest

Levels and vault maps discovered:
D:1:      arrival_aquarium_a, layout_loops_ring
D:2:      layout_loops_cross, minmay_tiny_reverse_x
D:3:      layout_loops_corners, portal_sewer_entry_f,
          nemelex_xobeh_ov_fountains_minmay
D:4:      layout_basic, gammafunk_temple_overflow_wave,
          minmay_temple_entry_proselytizer, gammafunk_ghost_mausoleum,
          dk_noncrumbling_4
D:5:      layout_basic, first_ration
Temple:   eino_temple_scatter_basement

Skill      XL: |  1  2  3  4  5  6  7 |
---------------+----------------------+-----
Long Blades    | 3 4 5 6 |  6.1
Fighting       | 3 5 6 |  6.2
Hexes          | 1 |  1.3
Dodging        | |  2.1
Spellcasting   | |  2.0
Charms         | |  2.6

Action                   |  1- 3 |  4- 6 |  7- 9 || total
-------------------------+-------+-------+-------++-------
Melee: Falchion          |    25 |     9 |       ||    34
       Tailslap          |    11 |    27 |     5 ||    43
       Dagger            |    79 |   123 |       ||   202
       Long sword        |       |    68 |    19 ||    87
 Fire: Arbalest          |       |     6 |       ||     6
Throw: Stone             |       |     3 |       ||     3
 Cast: Infusion          |       |     2 |       ||     2
       Spectral Weapon   |       |     3 |       ||     3
 Abil: Breathe Noxious F |       |       |     1 ||     1
 Stab: Sleeping          |     4 |     1 |       ||     5
  Eat: Chunk             |     1 |     5 |       ||     6
       Ration            |       |     1 |     1 ||     2
Armor: Skin              |    29 |    49 |    11 ||    89
Dodge: Dodged            |    63 |   127 |    14 ||   204
       Rpst.: Falchion   |     6 |     1 |       ||     7
       Long sword        |       |    12 |     7 ||    19

Table legend:
 A = Non-vault XP
 B = Vault XP
 C = Vault XP percentage of total XP
 D = Non-vault monster count
 E = Vault monster count
 F = Vault count percentage of total count
                 A         B        C        D         E       F
            +---------+---------+-------+---------+---------+-------
      Total |     815 |     174 |  17.6 |      69 |      16 |  18.8
            +---------+---------+-------+---------+---------+-------
        D:1 |      33 |       0 |   0.0 |      16 |       0 |   0.0
        D:2 |      57 |       3 |   5.0 |      19 |       2 |   9.5
        D:3 |      52 |      10 |  16.1 |      17 |       4 |  19.0
        D:4 |     334 |      41 |  10.9 |       9 |       1 |  10.0
        D:5 |     339 |       0 |   0.0 |       8 |       0 |   0.0
      Sewer |       0 |     120 | 100.0 |       0 |       9 | 100.0
            +---------+---------+-------+---------+---------+-------
